 BcadrenCrawl: Boulder Brew version 0.03.2.1-27-g9e5655d (webtiles) character file.

Game seed: 11828952599259367983, levelgen mode: deterministic

1563 Kalegnar the Ruffian (level 8, -6/68 HPs) Green Draconian Priest. Began on Jan 13, 2021. Was an Elder of Bahamut & Tiamat. Mangled by a guardian mummy ... wielding a +0 trident (18 damage) ... on level 3 of the Dungeon. The game lasted 00:18:54 (3535 turns).

Kalegnar the Ruffian (Green Draconian Priest)       Turns: 3535, Time: 00:18:55

Health: -6/68      AC: 10    Str: 20    XL:     8 ^: 564
Magic:  15/22      EV: 10    Int: 11    God:    Bahamut & Tiamat [4* [118]]
Gold:   154        SH: 12    Dex:  9    Spells: 7/7 levels left

rFire    . . .     Vision   .     - Unarmed
rCold    . . .     Gourm    .   w - +6 heater shield {AC+3}
rNeg     . . .     Faith    .   (armour unavailable)
rPois    +         Spirit   .   (helmet restricted)
rElec    .         Reflect  .   (no cloak)
rCorr    .         Harm     .   (no gloves)
MR       .....                  (no boots)
Stlth    +.........             (no amulet)
HPRegen  0.32/turn              b - ring of magical power
MPRegen  0.32/turn              h - ring of evasion

@: drake mount, flying, lightly drained, quick
A: no body armour, unfitting armour, cold-blooded, poison enhancer 1, rPois, AC
+7
a: Breathe Noxious Fumes, Dismount, Enhanced Breath, Drake Mount, Renounce
Religion


You were on level 3 of the Dungeon.
You worshipped Bahamut & Tiamat.
Bahamut & Tiamat was greatly pleased with you.
You were very hungry.

You visited 1 branch of the dungeon, and saw 3 of its levels.
You also visited: Temple.

You collected 154 gold pieces.

Inventory:

Shields
 w - a +6 heater shield of protection (shield)
Jewellery
 b - a ring of magical power (left hand)
 h - a ring of evasion (right hand)
Wands
 m - a wand of flame (22)
 s - a wand of disintegration (10)
Scrolls
 d - 2 scrolls of magic mapping
 f - a scroll of amnesia
 j - a scroll of fear
 n - 2 scrolls of enchantment
 p - 2 scrolls of teleportation
 q - 4 scrolls of blinking
 r - a scroll of holy word
 t - a scroll of acquirement
 v - a scroll of bless item
Potions
 c - a potion of might
 e - a potion of mutation
 g - a potion of agility
 i - a potion of heal wounds
 k - 3 potions of curing
 u - a potion of lignification
Comestibles
 a - 8 rations
 l - 2 chunks of flesh


   Skills:
 - Level 5.2(4.6) Fighting
 + Level 2.2(1.8) Dodging
 - Level 1.4(0.9) Stealth
 - Level 3.0(2.5) Shields
 * Level 7.1(6.6) Unarmed Combat
 + Level 6.7(6.2) Invocations


You had 7 spell levels left.
You didn't know any spells.
Your spell library was empty.

Dungeon Overview and Level Annotations

Branches:
Dungeon (3/8)

Altars:
Ashenzari
Gozag Ym Sagoz
Ru


Innate Abilities, Weirdness & Mutations

You cannot fit into any form of body armour.
Your lurid green scales are hard. (AC +7)
You can breathe clouds of noxious fumes.
You are cold-blooded and may be slowed by cold attacks.
You are in touch with the powers of venom.
Your lurid green scales grant you resistance to poison. (rPois)


Message History

The guardian mummy barely misses you (0).
The guardian mummy blocks your attack.
You closely miss the guardian mummy. You hit the guardian mummy (2).
The guardian mummy is moderately damaged. (33/48) HP You block the guardian mummy's attack.
The guardian mummy hits you with a cursed +1 nunchaku of draining {(Curse: Fragile)} (23)!!
You feel drained.
* * * LOW HITPOINT WARNING * * *
You fail to use your ability.
The guardian mummy hits you with a +0 trident (4).
* * * LOW HITPOINT WARNING * * *
The guardian mummy closely misses you (0).
You summon a rime drake and ride upon its back.
You are feeling very hungry.
The guardian mummy blocks your attack.
Your rime drake nips the guardian mummy (1).
The guardian mummy is moderately damaged. (33/48) HP The guardian mummy hits you with a +0 trident (18)!!
You die...

#..## #†.# ##'## ####
#^..###..#### #+# +....'.......
#..# #.^.###..#### +..# ##'##
#### ## #.M## #.# #. #.@# ##†#
#. ##'####..# #.
######.^.##..## #.
+..^'.....'.### #. ##
##.###.^.####.#########. #.##
##†##....#...##.... #..####
##.##....'.....P...
#.....#######8]8#....#......P..
#...........#####....#..†.P♣♣♣.


You could see a guardian mummy.

Vanquished Creatures
  A water moccasin (D:2)
  A scorpion (D:3)
  3 big kobolds (D:2)
  4 crocodiles (D:2)
  A bullfrog (D:2)
  4 jellies (D:2)
  3 mummies (D:3)
  3 worker ants (D:3)
  2 iguanas (D:3)
  10 giant cockroaches
  2 adders (D:2)
  16 sewer rats (D:2)
  3 worms
  9 cinder newts
  A spectral worker ant (D:3)
  4 oozes
  A hound simulacrum (D:3)
  A howler monkey simulacrum (D:3)
  5 leopard geckos (D:2)
  5 orcs (D:3)
  7 bats
  4 goblins (D:1)
  5 hobgoblins (D:1)
  4 jackals (D:3)
  A quokka (D:3)
  3 ball pythons
  2 bat skeletons (D:2)
  A goblin skeleton (D:2)
  A jackal simulacrum (D:3)
  15 kobolds
  2 kobold skeletons (D:2)
  3 rats (D:1)
  10 withered plants (D:2)
137 creatures vanquished.

Vanquished Creatures (others)
  A jelly (D:2)
  A giant cockroach (D:2)
  A worm (D:2)
  A leopard gecko (D:2)
  2 kobolds (D:2)
  A slimehead (D:2)
  117 withered plants (D:2)
124 creatures vanquished.

Grand Total: 261 creatures vanquished

Notes
Turn   | Place    | Note
-------+----------+-------------------------------------------
     0 | Start Te | Kalegnar the Immature Draconian Priest began the quest for
                  | the Orb.
     0 | Start Te | Reached XP level 1. HP: 14/14 MP: 3/3
     0 | Start Te | Found a sparkling altar of Nemelex Xobeh.
     1 | Start Te | Found a basalt altar of Yredelemnul.
     1 | Start Te | Found a white marble altar of Elyvilon.
     2 | Start Te | Found an iron altar of Okawaru.
     3 | Start Te | Found a glowing silver altar of Zin.
     3 | Start Te | Found a blossoming altar of Fedhas.
     4 | Start Te | Found a stormy altar of Qazlal.
     5 | Start Te | Found a glowing golden altar of the Shining One.
     5 | Start Te | Found an opulent altar of Gozag.
     6 | Start Te | Found a sacrificial altar of Ru.
     7 | Start Te | Found an ornate altar of Bahamut and Tiamat.
     7 | Start Te | Found a hazy altar of Hepliaklqana.
    15 | Start Te | Became a worshipper of Bahamut & Tiamat
    15 | Start Te | Reached * piety under Bahamut & Tiamat
    15 | Start Te | Reached ** piety under Bahamut & Tiamat
   154 | D:1      | Reached skill level 1 in Fighting
   154 | D:1      | Reached skill level 3 in Unarmed Combat
   154 | D:1      | Reached XP level 2. HP: 22/23 MP: 5/5
   332 | D:1      | Reached XP level 3. HP: 28/28 MP: 6/6
   787 | D:2      | Noticed a crocodile
   854 | D:2      | Reached XP level 4. HP: 29/36 MP: 7/7
   975 | D:2      | Reached skill level 4 in Unarmed Combat
  1083 | D:2      | Reached XP level 5. HP: 42/42 MP: 8/8
  1112 | D:2      | Reached skill level 5 in Invocations
  1114 | D:2      | Reached *** piety under Bahamut & Tiamat
  1383 | D:2      | Noticed a water moccasin
  1396 | D:2      | Killed a water moccasin
  1396 | D:2      | Reached skill level 5 in Unarmed Combat
  1396 | D:2      | Reached XP level 6. HP: 33/51 MP: 9/9
  1587 | D:2      | Found a shattered altar of Ashenzari.
  1587 | D:2      | Found a sacrificial altar of Ru.
  1683 | D:2      | Reached skill level 1 in Shields
  1705 | D:2      | Your scales start taking on a lurid green colour.
  1705 | D:2      | Reached XP level 7. HP: 56/59 MP: 11/11
  1705 | D:2      | Gained mutation: Your lurid green scales grant you
                  | resistance to poison. (rPois) [Green Draconian growth]
  1705 | D:2      | Gained mutation: You are in touch with the powers of venom.
                  | [Green Draconian growth]
  1915 | D:2      | Reached skill level 6 in Unarmed Combat
  2208 | D:2      | Reached **** piety under Bahamut & Tiamat
  2488 | D:2      | Reached XP level 8. HP: 67/67 MP: 12/12
  2832 | D:2      | Reached skill level 5 in Fighting
  3164 | D:3      | Found an opulent altar of Gozag.
  3233 | D:3      | Reached ***** piety under Bahamut & Tiamat
  3288 | D:3      | Reached skill level 7 in Unarmed Combat
  3337 | D:3      | Identified a scroll of acquirement
  3535 | D:3      | Mangled by a guardian mummy

Levels and vault maps discovered:
D:1:      elethiomel_arrival_infinity_welcomes_careful_drivers,
          layout_loops_ring
D:2:      layout_sewer, gammafunk_temple_overflow_pools, sewer_frog_pond,
          minivault_23
D:3:      ossuary_due_small_catacomb, layout_gridville, kennysheep_mini,
          serial_forest, infiniplex_forest_clump_medium,
          infiniplex_forest_clump_long, infiniplex_forest_clump_tiny,
          infiniplex_forest_clump_double, infiniplex_forest_clump_medium,
          infiniplex_forest_clump_small, infiniplex_forest_3_way,
          infiniplex_forest_lined_room_2, first_ration

Skill      XL: |  1  2  3  4  5  6  7  8 |
---------------+-------------------------+-----
Fighting       | 1 2 3 4 5 |  5.2
Unarmed Combat | 3 4 5 6 7 |  7.1
Invocations    | 5 6 |  6.7
Shields        | 1 2 3 |  3.0
Dodging        | 2 |  2.2
Stealth        | |  1.4

Action                   |  1- 3 |  4- 6 |  7- 9 || total
-------------------------+-------+-------+-------++-------
Melee: Unarmed           |    93 |   149 |   249 ||   491
       Tailslap          |     1 |     4 |    20 ||    25
Invok: Choose Bahamut's  |     1 |       |       ||     1
       Choose Bahamut's  |     1 |       |       ||     1
       Choose Bahamut's  |       |       |     1 ||     1
       Drake Mount       |       |       |     1 ||     1
 Abil: Breathe Dart      |       |     2 |       ||     2
       Breathe Noxious F |       |       |     8 ||     8
 Stab: Sleeping          |     2 |       |     7 ||     9
       Confused          |       |       |     8 ||     8
  Eat: Chunk             |       |     3 |     8 ||    11
Armor: Skin              |    15 |    21 |    28 ||    64
Dodge: Dodged            |    11 |    13 |    61 ||    85
Block: Heater shield     |       |     6 |    33 ||    39
